 Dungeon Crawl Stone Soup version 0.20-a0-267-g4a7ec2a (webtiles) character file.

345 KristoblXynda the Chopper (level 6, -1/76 HPs)
             Began as a Minotaur Berserker on Dec 6, 2016.
             Was a Believer of Trog.
             Killed by divine providence
             ... invoked by an orc priest
              (11 damage)
             ... on level 3 of the Dungeon.
             The game lasted 00:04:49 (2208 turns).

KristoblXynda the Chopper (Minotaur Berserker)      Turns: 2208, Time: 00:04:49

Health: -1/76      AC: 23    Str: 23 (26) XL:     6   Next: 32%
Magic:  5/5        EV:  2    Int:  3 (6)  God:    Trog [**....]
Gold:   151        SH:  0    Dex:  9 (10) Spells: 5/5 levels left

rFire  . . .     SeeInvis .     a - +0 hand axe
rCold  . . .     Gourm    .     (armour currently unavailable)
rNeg   + + +     Faith    .     (no shield)
rPois  +         Spirit   .     (helmet currently unavailable)
rElec  .         Reflect  .     (cloak currently unavailable)
rCorr  .         Harm     .     (gloves currently unavailable)
MR     .....     NoTele   +     (boots currently unavailable)
Stlth  +.........               (no amulet)
                                (no ring)
                                (no ring)

@: mighty, exhausted, tree-form (expiring)
A: (retaliatory headbutt), (horns 0)
a: Berserk, Trog's Hand, Burn Spellbooks, Renounce Religion


You were on level 3 of the Dungeon.
You worshipped Trog.
Trog was pleased with you.
You were hungry.
You were a tree.
You visited 1 branch of the dungeon, and saw 3 of its levels.

You collected 151 gold pieces.

Inventory:

Hand Weapons
 a - a +0 hand axe (weapon)
Missiles
 j - 4 javelins (quivered)
Armour
 s - a +0 chain mail (melded)
 y - a +1 pair of gloves (melded)
Scrolls
 d - 2 scrolls of identify {unknown}
 e - 3 scrolls of teleportation {unknown}
 f - a scroll of fog {unknown}
 h - 2 scrolls of recharging {unknown}
 i - a scroll of amnesia {unknown}
 m - 3 scrolls of magic mapping {unknown}
 t - a scroll of noise {unknown}
 u - a scroll of immolation {unknown}
 w - a scroll of enchant weapon {unknown}
Potions
 k - 2 potions of haste
 o - a potion of resistance
 p - a potion of invisibility
Comestibles
 c - 2 bread rations
 v - a meat ration
 x - a royal jelly


   Skills:
 - Level 3.6 Fighting
 * Level 6.5 Axes
 + Level 4.1 Armour
 + Level 4.5 Dodging


You had 5 spell levels left.
You didn't know any spells.

Dungeon Overview and Level Annotations

Branches:
Dungeon (3/15)

Altars:
Dithmenos
Nemelex Xobeh


Innate Abilities, Weirdness & Mutations

((You reflexively headbutt those who attack you in melee.))
((You have a pair of horns on your head.))


Message History

You kill the bat!
Trog accepts your kill.
You are feeling hungry.
The orc hits you but does no damage.
It was a potion of degeneration.
There was something very wrong with that liquid.
You feel weakened.
You feel dopey.
You feel clumsy. The orc hits you but does no damage.
Unknown command.
It was a potion of might.
You feel very mighty all of a sudden.
Your transformation is almost over.
You feel yourself speed up. The orc hits you but does no damage.
Unknown command.
It was a potion of flight.
Your roots keep you in place.
Your skin stops crawling.
You feel less resistant to hostile enchantments.
The orc priest calls down the wrath of Beogh upon you.
Beogh smites you!
You die...

# #.#..# ## #....#
..# .. ##.#.# ..# #
### #.#.###.#####.#
..#...........#
..####.#.......#
### #...#.......# #
####)###g......# ##
.. #.....♣oo......#
.##.
.....#.####o......#
... ..## #.
#.......# ... #.
#####...# .# #. ..#
.# .. .# ## .# # .#
.#


You could see an orc priest, 2 orcs and a hobgoblin.

Vanquished Creatures
  Sigmund (D:3)
  An orc priest (D:3)
  Ijyb (D:3)
  A worker ant (D:3)
  Robin (D:3)
  3 adders
  An ooze (D:2)
  4 worms (D:2)
  2 leopard geckos
  An orc (D:3)
  5 bats
  A giant cockroach (D:3)
  10 goblins
  3 hobgoblins
  9 jackals
  6 kobolds
  2 frilled lizards
  6 rats
58 creatures vanquished.

Notes
Turn   | Place    | Note
-------+----------+-------------------------------------------
     0 | D:1      | KristoblXynda the Minotaur Berserker began the quest for the Orb.
     0 | D:1      | Reached XP level 1. HP: 19/19 MP: 0/0
    51 | D:1      | Reached skill level 4 in Axes
   179 | D:1      | Reached XP level 2. HP: 24/26 MP: 1/1
   710 | D:2      | Found a shadowy altar of Dithmenos.
   801 | D:2      | Reached XP level 3. HP: 31/31 MP: 2/2
   907 | D:2      | Found a sparkling altar of Nemelex Xobeh.
  1312 | D:3      | Reached skill level 5 in Axes
  1335 | D:3      | Reached XP level 4. HP: 17/39 MP: 3/3
  1563 | D:3      | Noticed Ijyb
  1589 | D:3      | Killed Ijyb
  1677 | D:3      | Reached ** piety under Trog
  1787 | D:3      | Noticed Robin
  1790 | D:3      | Reached XP level 5. HP: 44/45 MP: 4/4
  1800 | D:3      | Killed Robin
  1835 | D:3      | HP: 2/45 [poisoned by a goblin]
  1840 | D:3      | HP: 2/45 [poisoned by a goblin]
  1846 | D:3      | HP: 1/45 [poisoned by a goblin]
  1852 | D:3      | HP: 1/45 [poisoned by a goblin]
  1858 | D:3      | HP: 1/45 [poisoned by a goblin]
  2169 | D:3      | Noticed Sigmund
  2175 | D:3      | Killed Sigmund
  2175 | D:3      | Reached skill level 6 in Axes
  2175 | D:3      | Reached XP level 6. HP: 51/51 MP: 5/5
  2185 | D:3      | HP: 1/76 [orc priest/divine providence (11)]
  2208 | D:3      | Killed from afar by an orc priest

Vault maps used:
D:1:      dpeg_chamrin_arrival_tetris
D:2:      grunt_dithmenos_smoke_and_mirrors, first_bread,
          nemelex_spade_bored_becter
D:3:      nicolae_overflow_hidden_temple, uniq_iyjb, uniq_sigmund, uniq_robin

Skill      XL: |  1  2  3  4  5 |
---------------+----------------+-----
Axes           | 4 5 6 |  6.5
Dodging        | 3 4 |  4.5
Armour         | 3 4 |  4.1
Fighting       | |  3.6

Action                   |  1- 3 |  4- 6 || total
-------------------------+-------+-------++-------
Melee: Hand axe          |    77 |    83 ||   160
       Headbutt          |    13 |     8 ||    21
Invok: Berserk           |       |     1 ||     1
       Trog's Hand       |       |     2 ||     2
  Use: Potion            |       |     7 ||     7
  Eat: Chunk             |     1 |     1 ||     2
       Beef jerky        |       |     2 ||     2
Armor: Animal skin       |     2 |       ||     2
       Ring mail         |     2 |       ||     2
       Chain mail        |    28 |    31 ||    59
       Skin              |       |    21 ||    21
Dodge: Dodged            |    46 |    44 ||    90
